 Dungeon Crawl Stone Soup version 0.27-a0-1185-ga233589e6f (webtiles) character file.

Game seed: 8391856958243334050

14487 Ijustatesigmund the Cleaver (level 12, 0/88 HPs)
             Began as a Hill Orc Fighter on May 19, 2021.
             Was a Priest of Cheibriados.
             Splashed by an acid dragon's acid (8 damage)
             ... on level 10 of the Dungeon.
             The game lasted 00:23:42 (10346 turns).

Ijustatesigmund the Cleaver (Hill Orc Fighter)     Turns: 10346, Time: 00:23:43

Health: 0/88       AC: 43    Str: 27      XL:     12   Next: 17%
Magic:  14/14      EV:  6    Int: 13 (14) God:    Cheibriados [***...]
Gold:   468        SH:  0    Dex: 29 (30) Spells: 11/11 levels left

rFire    . . .     SeeInvis .   a - +0 war axe (flame)
rCold    . . .     Faith    .   c - +0 kite shield
rNeg     . . .     Spirit   .   w - +14 crystal plate armour of Love and Death {Contam Dex+9}
rPois    .         Reflect  .   (no helmet)
rElec    .         Harm     .   v - +0 cloak
rCorr    .         Rampage  .   x - +0 pair of gloves
Will     .....     Rnd*Rage +   b - +0 pair of boots Stlth ..........Rnd*Tele +
                                C - amulet of regeneration
HPRegen  1.24/turn              f - +4 ring of protection
MPRegen  0.14/turn              o - +4 ring of protection

@: confused, brilliant, ambrosia-drunk, corroded, unable to read, very slow
A: [berserk 2], [dopey 1], [frail 2], [low mp 3], [screaming 2], [teleportitis
3], [weak 1], [no potion heal 1], [subdued magic 3], [inability to read while
threatened]
a: Renounce Religion, Bend Time, Temporal Distortion


You were on level 10 of the Dungeon.
You worshipped Cheibriados.
Cheibriados was most pleased with you.
You visited 2 branches of the dungeon, and saw 11 of its levels.
You visited the Abyss 1 time.

You collected 468 gold pieces.

Inventory:

Hand Weapons
 a - a +0 war axe of flaming (weapon)
 D - the +10 morningstar of Voggaos {vorpal, Dex+3}
   (You found it on level 9 of the Dungeon)

   It inflicts extra damage upon your enemies.
   It affects your dexterity (+3).
Missiles
 e - 4 boomerangs of dispersal (quivered)
 l - 53 poisoned darts
 n - 2 throwing nets
Armour
 b - a +0 pair of boots (worn)
 c - a +0 kite shield (worn)
 v - a +0 cloak (worn)
 w - the +14 crystal plate armour of Love and Death (worn) {Contam Dex+9}
   (You found it on level 9 of the Dungeon)

   It affects your dexterity (+9).
   It causes magical contamination when unequipped.
 x - a +0 pair of gloves (worn)
Jewellery
 f - a +4 ring of protection (left hand)
 o - a +4 ring of protection (right hand)
 p - a ring of protection from cold
 q - a ring of fire
 A - a ring of positive energy
 C - an amulet of regeneration (around neck)
Wands
 F - a wand of iceblast (5)
Scrolls
 r - a scroll of fear
 s - a scroll of amnesia
 y - 2 scrolls of blinking
 E - a scroll of brand weapon
Potions
 d - 3 potions of attraction
 i - a potion of brilliance
 k - a potion of berserk rage {unknown}
 m - a potion of ambrosia
 t - 4 potions of flight {unknown}
 u - a potion of degeneration {unknown}
 z - a potion of magic {unknown}
 B - a potion of mutation {unknown}


   Skills:
 - Level 11.2 Fighting
 - Level 12.3 Axes
 + Level 10.8 Armour
 - Level 3.6 Dodging
 - Level 5.6 Shields
 + Level 11.4 Invocations


You had 11 spell levels left.
You didn't know any spells.
Your spell library contained the following spells:

 Spells                   Type           Power      Damage    Failure   Level
 Foxfire                  Conj/Fire      0%         2x1d4     100%        1
 Sting                    Tmut/Pois      0%         1d3       100%        1
 Poisonous Vapours        Pois/Air       0%         N/A       100%        2
 Confusing Touch          Hex            0%         N/A       100%        3
 Conjure Flame            Conj/Fire      0%         6-21      100%        3
 Gell's Gravitas          Tloc           0%         N/A       100%        3
 Ignite Poison            Fire/Tmut/Pois 0%         N/A       100%        3
 Inner Flame              Hex/Fire       0%         N/A       100%        3
 Mephitic Cloud           Conj/Pois/Air  0%         N/A       100%        3
 Olgreb's Toxic Radiance  Pois           0%         N/A       100%        4
 Petrify                  Tmut/Erth      0%         N/A       100%        4
 Sticky Flame             Conj/Fire      0%         2d3       100%        4
 Fireball                 Conj/Fire      0%         3d3       100%        5
 Metabolic Englaciation   Hex/Ice        0%         N/A       100%        5
 Yara's Violent Unravell  Hex/Tmut       0%         3d3       100%        5


Dungeon Overview and Level Annotations

Branches:
Dungeon (10/15)            Temple (1/1) D:7            Lair (0/6) D:9
    Orc (0/2) D:9

Altars:
Ashenzari
Cheibriados
Dithmenos
Elyvilon
Gozag
Hepliaklqana
Kikubaaqudgha
Makhleb
Nemelex Xobeh
Okawaru
Qazlal
Ru
Sif Muna
Trog
Uskayaw
Vehumet
Wu Jian
Xom
Yredelemnul
Zin
The Shining One

Annotations:
D:7 2 transporters, Feb132020's ghost, novice SpVM
D:10 Maurice; Sonja


Innate Abilities, Weirdness & Mutations

[You often lose your temper in combat.]
[You are dopey. (Int -2)]
[You are very frail. (-20% HP)]
[Your magical capacity is extremely low. (-30% MP)]
[You frequently scream uncontrollably at your foes.]
[You are often teleported next to monsters.]
[You are weak. (Str -2)]
[Potions are less effective at restoring your health.]
[Your spells are much easier to cast, but much less powerful.]
[You sometimes lose the ability to read scrolls when taking damage.]


Message History

Sonja casts a spell.
Sonja blinks!
You slash Maurice! You burn Maurice!
Maurice is moderately wounded.
You slash the yak! You burn the yak. You slash the yak! You burn the yak.
You kill the yak!
Cheibriados thoroughly appreciates the change of pace.
You closely miss the yak. You hit the yak but do no damage. The yak gores you.
The yak gores you but does no damage.
Maurice zaps a wand.
The puff of flame hits you. The yak gores you but does no damage.
You hit Maurice. You burn Maurice.
Maurice is moderately wounded.
You hit the yak. You burn the yak. You closely miss the orc. You slash the yak!
You burn the yak. You slash the yak! You burn the yak. You slash the orc!
You burn the orc.
You kill the orc!
Cheibriados appreciates the change of pace.
You slash the acid dragon! You burn the acid dragon. The yak gores you.
The yak gores you!
* * * LOW HITPOINT WARNING * * *
Maurice hits you but does no damage. The acid dragon spits acid at you.
The splash of acid hits you but does no damage.
You are splashed with acid!
* * * LOW HITPOINT WARNING * * *
You block the orc's attack. You block the yak's attack.
Okay, then.
You cannot read scrolls in your current state!
It was a potion of ambrosia.
You are confused.
Your system partially rejects the healing.
You feel invigorated. The yak gores you.
* * * LOW HITPOINT WARNING * * *
The yak gores you but does no damage. Maurice hits you but does no damage.
Sonja casts a spell.
Sonja blinks!
The acid dragon spits acid at you.
The splash of acid hits you but does no damage.
The acid corrodes you!
You are splashed with acid!
You die...

... #........
..##.............K..
$.......##........
#................#
#................#
##...............#
#..<.......ยง..../# .
....#..........Y@D##....
... #..........o@....$..
#. ##.>.......YY)......
# #.?.............>.
#.)............#..
#.)...#>..........
#.....##..........
#......#####.....#..
##....## ###..##(.
#..### $##


You could see Maurice, 3 yaks, Sonja, an acid dragon (catching breath) and an
orc.

Vanquished Creatures
  A deep elf elementalist (Abyss:1)
  A boulder beetle (D:9)
  A two-headed ogre (D:9)
  A tengu warrior (D:9)
  3 wretched stars (Abyss:1)
  2 shadow wraiths (Abyss:1)
  A deep elf pyromancer (D:9)
  A cyclops (D:9)
  A worldbinder (Abyss:1)
  An ancient zyme (Abyss:1)
  Grinder (D:3)
  A troll (D:9)
  A hornet (D:9)
  Sigmund (D:3)
  2 ynoxinuls (Abyss:1)
  A shadow (D:9)
  9 yaks
  4 wyverns (D:9)
  A neqoxec (Abyss:1)
  4 steam dragons
  4 water moccasins
  2 large abominations (Abyss:1)
  3 ice beasts
  A black bear (D:5)
  A necrophage (D:8)
  3 ogres
  2 phantoms
  4 centaurs
  4 kobold brigands
  A bullfrog (D:9)
  A gnoll sergeant (D:9)
  A scorpion (D:5)
  A wyvern zombie (D:9)
  A troll zombie (D:9)
  A water moccasin skeleton (D:7)
  3 killer bees
  3 howler monkeys
  An electric eel (D:9)
  A centaur zombie (D:9)
  3 jellies
  A quasit (Abyss:1)
  2 bullfrog skeletons
  A gnoll shaman (D:5)
  A hound (D:3)
  A centaur skeleton (D:7)
  2 orc priests
  2 iguanas
  5 orc wizards
  2 killer bee zombies
  7 ogre zombies (D:9)
  Robin (D:3)
  8 adders
  6 gnolls
  A shadow imp (D:5)
  4 white imps
  An adder skeleton (D:4)
  3 dart slugs
  15 orcs
  5 ball pythons
  5 bats
  4 endoplasms
  5 giant cockroaches
  21 goblins
  7 hobgoblins
  8 jackals
  23 kobolds
  3 quokkas
  A frilled lizard (D:3)
  2 goblin skeletons (D:9)
  2 goblin zombies (D:9)
  4 hobgoblin skeletons (D:9)
  2 hobgoblin zombies (D:9)
  3 orc skeletons (D:9)
  12 orc zombies (D:9)
  3 rats
252 creatures vanquished.

Vanquished Creatures (others)
  7 fungi
  23 plants (D:9)
  3 starspawn tentacles (Abyss:1)
33 creatures vanquished.

Grand Total: 285 creatures vanquished

Notes
Turn   | Place    | Note
-------+----------+-------------------------------------------
     0 | D:1      | Ijustatesigmund the Hill Orc Fighter began the quest for
                  | the Orb.
     0 | D:1      | Reached XP level 1. HP: 19/19 MP: 1/1
    47 | D:1      | Reached skill level 3 in Axes
   256 | D:1      | Reached XP level 2. HP: 17/21 MP: 2/2
   354 | D:1      | Reached skill level 4 in Axes
   706 | D:1      | Reached XP level 3. HP: 21/21 MP: 3/3
  1022 | D:1      | Reached skill level 5 in Axes
  1144 | D:1      | Reached XP level 4. HP: 32/33 MP: 4/4
  2221 | D:3      | Reached skill level 6 in Axes
  2221 | D:3      | Reached XP level 5. HP: 39/45 MP: 5/5
  2337 | D:3      | Noticed Sigmund
  2351 | D:3      | Killed Sigmund
  2352 | D:3      | Reached skill level 5 in Fighting
  2352 | D:3      | Reached skill level 7 in Axes
  2352 | D:3      | Reached XP level 6. HP: 52/57 MP: 6/6
  2514 | D:3      | Noticed Grinder
  2524 | D:3      | Killed Grinder
  2525 | D:3      | Reached XP level 7. HP: 64/64 MP: 7/7
  2528 | D:3      | Found a faded altar of an unknown god.
  2587 | D:3      | Noticed Robin
  2600 | D:3      | Killed Robin
  3666 | D:4      | Reached skill level 8 in Axes
  4301 | D:5      | Entered Level 5 of the Dungeon
  4585 | D:5      | Reached skill level 5 in Armour
  4585 | D:5      | Reached XP level 8. HP: 33/73 MP: 8/8
  4952 | D:5      | Reached skill level 9 in Axes
  5090 | D:5      | Found a hazy altar of Hepliaklqana.
  5520 | D:6      | Found a burning altar of Makhleb.
  5841 | D:6      | Found an ancient bone altar of Kikubaaqudgha.
  5902 | D:6      | Reached XP level 9. HP: 76/82 MP: 7/9
  5962 | D:6      | Reached skill level 10 in Axes
  6118 | D:6      | Found an ornate altar of the Wu Jian Council.
  6857 | D:7      | Found a transporter.
  6864 | D:7      | Noticed Feb132020's ghost (novice SpVM)
  6887 | D:7      | Found a transporter.
  6907 | D:7      | Found a staircase to the Ecumenical Temple.
  6939 | Temple   | Entered the Ecumenical Temple
  7021 | Temple   | Became a worshipper of Cheibriados the Contemplative
  7421 | D:8      | Found a hide-covered altar of Uskayaw.
  7422 | D:8      | Found a shimmering blue altar of Sif Muna.
  7424 | D:8      | Found a sacrificial altar of Ru.
  7443 | D:8      | Reached skill level 1 in Invocations
  7738 | D:8      | Reached skill level 1 in Dodging
  7759 | D:8      | Found a stormy altar of Qazlal.
  8701 | D:9      | Reached * piety under Cheibriados
  8779 | D:9      | Reached skill level 11 in Axes
  8779 | D:9      | Reached XP level 10. HP: 61/93 MP: 11/13
  8781 | D:9      | Reached skill level 10 in Fighting
  8785 | D:9      | Reached skill level 5 in Invocations
  8804 | D:9      | Reached ** piety under Cheibriados
  9092 | D:9      | Found a staircase to the Lair.
  9127 | D:9      | Noticed a two-headed ogre
  9140 | D:9      | Killed a two-headed ogre
  9220 | D:9      | Found a staircase to the Orcish Mines.
  9238 | D:9      | Reached *** piety under Cheibriados
  9251 | D:9      | Reached skill level 5 in Shields
  9303 | D:9      | Reached skill level 12 in Axes
  9395 | D:9      | Noticed a deep elf pyromancer
  9396 | D:9      | Noticed a tengu warrior
  9404 | D:9      | Killed a deep elf pyromancer
  9405 | D:9      | Reached XP level 11. HP: 86/102 MP: 16/16
  9422 | D:9      | Killed a tengu warrior
  9485 | D:9      | Identified the +14 crystal plate armour of Love and Death
                  | {Contam Dex+9}
  9487 | D:9      | Noticed a cyclops
  9494 | D:9      | Killed a cyclops
  9498 | D:9      | Identified the +10 morningstar of Voggaos {vorpal, Dex+3}
  9532 | D:9      | Noticed a boulder beetle
  9564 | D:9      | Killed a boulder beetle
  9894 | D:10     | Entered Level 10 of the Dungeon
  9894 | D:10     | Noticed Sonja
  9920 | D:10     | Cast into level 1 of the Abyss (Sonja)
  9956 | Abyss:1  | Noticed a tentacled starspawn
  9964 | Abyss:1  | Found a corrupted altar of Lugonu.
  9990 | Abyss:1  | Noticed a deep elf elementalist
 10002 | Abyss:1  | Killed a deep elf elementalist
 10138 | Abyss:1  | Noticed a wretched star
 10156 | Abyss:1  | Killed a wretched star
 10214 | Abyss:1  | Reached skill level 10 in Invocations
 10275 | Abyss:1  | Noticed a wretched star
 10283 | Abyss:1  | Noticed a worldbinder
 10289 | Abyss:1  | Killed a wretched star
 10290 | Abyss:1  | Reached skill level 10 in Armour
 10290 | Abyss:1  | Noticed a wretched star
 10291 | Abyss:1  | Noticed a manticore
 10296 | Abyss:1  | Killed a worldbinder
 10306 | Abyss:1  | Killed a shadow wraith
 10306 | Abyss:1  | Reached **** piety under Cheibriados
 10307 | Abyss:1  | Reached XP level 12. HP: 77/77 MP: 14/14
 10317 | Abyss:1  | HP: 2/77 [wretched star/lance of force (28)]
 10318 | Abyss:1  | Killed a wretched star
 10321 | D:10     | Escaped the Abyss
 10332 | D:10     | HP: 4/88 [Sonja/+4 dagger of distortion (25)]
 10337 | D:10     | Noticed Maurice
 10346 | D:10     | Splashed by an acid dragon's acid

Illustrated notes

Levels and vault maps discovered:
D:1:      dpeg_arrival_more_subterranean_lakeside_camping, layout_loops_ring
D:2:      layout_basic, st_stairs_11, minmay_misc_feat_square
D:3:      layout_rooms, basic_ecumenical_altar, minmay_increasing_density,
          uniq_robin, uniq_sigmund, uniq_grinder
D:4:      layout_loops_ring
D:5:      layout_loops_ring, overflow_temple_1_default, st_stairs_4,
          minmay_misc_feat_enclosed, kennysheep_generic_room_3
D:6:      layout_loops_ring, old_standard_altar, kennysheep_little_box,
          amcnicky_altar_gilded, serial_aquarium, aquarium_bridge_long_joined
          [aquarium_subvault_window, aquarium_subvault_balcony,
          aquarium_subvault_bridge, aquarium_subvault_bridge,
          aquarium_subvault_window, aquarium_subvault_bridge],
          aquarium_window_1, aquarium_window_1, aquarium_view_4,
          aquarium_balcony_double_1
D:7:      layout_layer_cave, minmay_temple_entry_trees,
          gammafunk_ghost_stat_death, minivault_19
D:8:      layout_cave_pods, old_standard_altar, grunt_temple_overflow_open
D:9:      layout_cave_pools, minmay_lair_entry_grove, zombieorc2_lemuel,
          serial_bayou_pond_b, nicolae_zen_rock_garden, hex_medium,
          minmay_diamond_spiral
D:10:     minmay_chopped_fan, layout_cave_pools, fedhas_altar_4, uniq_sonja,
          uniq_maurice
Temple:   nicolae_temple_god_jail

Skill      XL: |  1  2  3  4  5  6  7  8  9 10 11 12 |
---------------+-------------------------------------+-----
Axes           | 3 4 5 6 7 8 9 11 12 | 12.3
Fighting       | 4 5 6 7 8 9 11 | 11.2
Armour         | 4 5 6 7 10 | 10.8
Shields        | 4 5 |  5.6
Invocations    | 4 7 10 11 | 11.4
Dodging        | 2 3 |  3.6

Action                   |  1- 3 |  4- 6 |  7- 9 | 10-12 || total
-------------------------+-------+-------+-------+-------++-------
Melee: War axe           |    70 |   100 |   316 |   329 ||   815
Invok: Bend Time         |       |       |       |     1 ||     1
       Slouch            |       |       |       |     1 ||     1
Evoke: Wand              |       |     7 |       |     2 ||     9
  Use: Scroll            |     1 |     3 |     8 |     1 ||    13
       Potion            |       |     2 |     1 |     9 ||    12
Armor: Scale mail        |    39 |    55 |    32 |       ||   126
       Plate armour      |       |       |   297 |   150 ||   447
       Crystal plate arm |       |       |       |   183 ||   183
Dodge: Dodged            |    24 |    45 |    79 |    99 ||   247
Block: Kite shield       |    43 |    55 |   186 |   227 ||   511

Table legend: (Time is in decaauts)
 A = Elapsed time spent in this place.
 B = Non-inter-level travel time spent in this place.
 C = Inter-level travel time spent in this place.
 D = Time resting spent in this place.
 E = Time spent auto-exploring this place.
 F = Levels seen in this place.
 G = Mean time per level.
                   A        B        C        D        E       F      G
               +--------+--------+--------+--------+--------+-----+--------+
         Total |  11497 |  11088 |    409 |   1638 |   7431 |  12 |  958.1 |
       Dungeon |  10803 |  10411 |    392 |   1638 |   7065 |  10 | 1080.3 |
        Temple |     99 |     82 |     17 |      0 |     57 |   1 |   99.0 |
         Abyss |    594 |    594 |      0 |      0 |    308 |   1 |  594.0 |
               +--------+--------+--------+--------+--------+-----+--------+

Top non-repeatable levels by time:
     D:9: 1667 daAuts
     D:8: 1504 daAuts
     D:6: 1334 daAuts
     D:1: 1280 daAuts
     D:4: 1200 daAuts
     D:5: 1097 daAuts
     D:3: 1030 daAuts
     D:2: 900 daAuts
     D:7: 736 daAuts
 Abyss:1: 594 daAuts
  Temple: 99 daAuts
    D:10: 53 daAuts
